 Dungeon Crawl Stone Soup version 0.29.1-2-gbd0b4ee654 (webtiles) character file.

Game seed: 14086026067405505077

207 styxcanada the Sneak (level 5, -10/26 HPs)
             Began as a Spriggan Brigand on Nov 4, 2022.
             Mangled by a gnoll bouda
             ... wielding a +0 whip
              (12 damage)
             ... on level 3 of the Dungeon.
             The game lasted 00:09:15 (2886 turns).

styxcanada the Sneak (Spriggan Brigand)             Turns: 2886, Time: 00:09:16

Health: -10/26     AC:  3    Str:  7    XL:     5   Next: 54%
Magic:  6/8        EV: 14    Int: 13    God:
Gold:   79         SH:  0    Dex: 18    Spells: 5/6 levels left

rFire   . . .      SeeInvis +   a - +2 dagger
rCold   . . .      Faith    .   (no shield)
rNeg    . . .      Spirit   .   b - +0 robe
rPois   .          Reflect  .   (helmet restricted)
rElec   .          Harm     .   c - +0 cloak
rCorr   .          Rampage  .   (gloves unavailable)
Will    .....                   (boots unavailable)
Stlth   ++++......              (no amulet)
HPRegen 0.08/turn               (no ring)
MPRegen 0.11/turn               (no ring)

@: constricted, very quick
A: very small, no large weapons, unfitting armour, see invisible, speed 3
a: no special abilities


You were on level 3 of the Dungeon.
You visited 1 branch of the dungeon, and saw 3 of its levels.

You collected 79 gold pieces.

Inventory:

Hand Weapons
 a - a +2 dagger (weapon)
 m - a +0 sling
Missiles
 d - 9 poisoned darts (quivered)
 e - 3 curare-tipped darts
 i - 20 stones
Armour
 b - a +0 robe (worn)
 c - a +0 cloak (worn)
Wands
 o - a wand of polymorph (5)
Scrolls
 h - 2 scrolls of identify {unknown}
 k - 2 scrolls of teleportation
Potions
 f - a potion of brilliance {unknown}
 g - 2 potions of berserk rage {unknown}
 j - a potion of mutation {unknown}
 l - 2 potions of heal wounds {unknown}
 n - a potion of flight {unknown}


   Skills:
 * Level 2.2 Fighting
 + Level 2.8 Short Blades
 + Level 2.4 Throwing
 * Level 2.7 Dodging
 * Level 7.8 Stealth
 * Level 1.4 Spellcasting
 * Level 0.7 Conjurations
 * Level 1.0 Air Magic


You had 5 spell levels left.
You knew the following spells:

 Your Spells              Type           Power      Damage    Failure   Level
a - Shock                 Conj/Air       12%        1d3       19%         1

Your spell library contained the following spells:

 Spells                   Type           Power      Damage    Failure   Level
 Freeze                   Ice            0%         1d3       26%         1
 Swiftness                Air            3%         N/A       47%         3
 Frozen Ramparts          Ice            0%         1d1       63%         3
 Airstrike                Air            1%         2d(1-17)  87%         4
 Hailstorm                Conj/Ice       1%         3d3       93%         4


Dungeon Overview and Level Annotations

Branches:
Dungeon (3/15)

Altars:
Zin


Innate Abilities, Weirdness & Mutations

You are very small and have problems with some larger weapons.
You are too small for most types of armour.
You have supernaturally acute eyesight. (SInv)
You cover ground extremely quickly. (Speed+++)


Message History

Aiming: Shock (safe; 19% risk of failure)
Press: ? - help, Shift-Dir - straight line, f/p - gnoll
Aim: a gnoll, wielding a +0 halberd (covering ground quickly, 69% to hit)
The zap hits the gnoll.
The gnoll is lightly wounded.
The zap misses the gnoll.
The zap hits the gnoll bouda.
The gnoll bouda is lightly wounded.
The gnoll hits you from afar with a +0 halberd!
The gnoll misses you.
You hit the gnoll.
The gnoll is moderately wounded.
The gnoll barely misses you.
A ball python comes into view.
You hit the gnoll.
The gnoll is heavily wounded.
The gnoll barely misses you. The gnoll closely misses you.
You barely miss the gnoll.
The gnoll is heavily wounded.
Your attacks no longer feel as feeble.
The gnoll misses you.
A gnoll comes into view. It is wielding a +0 halberd.
You hit the gnoll.
The gnoll is severely wounded.
The gnoll misses you.
You hit the gnoll.
You kill the gnoll!
You hit the gnoll bouda.
The gnoll bouda is moderately wounded.
The gnoll bouda calls upon its god to heal the gnoll.
The gnoll's wounds heal themselves!
You hit the gnoll bouda.
The gnoll bouda is heavily wounded.
The gnoll hits you from afar with a +0 spear!
The gnoll bouda hits you with a +0 whip!
* * * LOW HITPOINT WARNING * * *
You closely miss the ball python. The gnoll closely misses you.
The ball python closely misses you. The ball python grabs you.
The ball python constricts you.
The gnoll bouda hits you with a +0 whip!
You die...

... w.. ..## ...###.
##w......# #.........#
#.##########.........#
#...S@ggggg..........#
.....##########.......P.#
### #.........#
#.......P.# #......P..#
### ##........# ##.#####
#.#^.##..# #......#
#.#......# ##.###.#
#.######.#


You could see a gnoll bouda, 4 gnolls and a ball python.

Vanquished Creatures
  Pargi (D:3)
  Ijyb (D:3)
  Robin (D:3)
  An adder (D:3)
  A gnoll (D:3)
  A dart slug (D:1)
  3 ball pythons
  8 bats
  4 endoplasms
  3 giant cockroaches (D:2)
  10 goblins
  5 hobgoblins
  6 jackals
  A quokka (D:2)
  A frilled lizard (D:1)
  A kobold (D:3)
  5 rats
53 creatures vanquished.

Vanquished Creatures (others)
  21 plants (D:3)
21 creatures vanquished.

Grand Total: 74 creatures vanquished

Notes
Turn   | Place    | Note
-------+----------+-------------------------------------------
     0 | D:1      | styxcanada the Spriggan Brigand began the quest for the
                  | Orb.
     0 | D:1      | Reached XP level 1. HP: 10/10 MP: 2/2
    49 | D:1      | Reached skill level 6 in Stealth
   114 | D:1      | Reached XP level 2. HP: 13/15 MP: 3/3
   440 | D:1      | Found a faded altar of an unknown god.
   983 | D:2      | Reached XP level 3. HP: 16/18 MP: 4/4
  1090 | D:2      | Reached skill level 7 in Stealth
  1214 | D:2      | Found a glowing silver altar of Zin.
  1587 | D:2      | Learned a level 1 spell: Shock
  1701 | D:3      | Noticed Robin
  1701 | D:3      | Noticed Pargi
  1975 | D:3      | Killed Robin
  1998 | D:3      | Reached XP level 4. HP: 17/23 MP: 5/5
  2237 | D:3      | Killed Pargi
  2238 | D:3      | Reached skill level 1 in Spellcasting
  2238 | D:3      | Reached XP level 5. HP: 25/26 MP: 5/7
  2577 | D:3      | Noticed Ijyb
  2639 | D:3      | Killed Ijyb
  2640 | D:3      | Reached skill level 1 in Air Magic
  2886 | D:3      | Mangled by a gnoll bouda

Illustrated notes

Levels and vault maps discovered:
D:1:      dpeg_arrival_pits, layout_loops_corners, basic_ecumenical_altar
D:2:      layout_basic, basic_altar
D:3:      layout_loops_ring, reono_crystal_passage, grunt_ministairs_7,
          minivault_5, kennysheep_minor_cross,
          amcnicky_mini_rare_corridor_liquid, grunt_decor_clamped,
          nicolae_grassy_gnolls, uniq_robin, uniq_ijyb, uniq_pargi, uniq_jessica

Skill      XL: |  1  2  3  4  5 |
---------------+----------------+-----
Stealth        | 6 7 |  7.8
Fighting       | 2 |  2.2
Dodging        | 2 |  2.7
Spellcasting   | 1 |  1.4
Air Magic      | 1 |  1.0
Short Blades   | |  2.8
Throwing       | |  2.4
Conjurations   | |  0.7

Action                   |  1- 3 |  4- 6 || total
-------------------------+-------+-------++-------
Melee: Dagger            |    96 |    59 ||   155
       Unarmed           |       |     5 ||     5
Throw: Dart              |    12 |    19 ||    31
       Stone             |     1 |     2 ||     3
 Cast: Shock             |       |     3 ||     3
  Use: Scroll            |     4 |       ||     4
 Stab: Sleeping          |    17 |     1 ||    18
       Distracted        |     1 |       ||     1
Armor: Robe              |    17 |     4 ||    21
       Skin              |       |     2 ||     2
Dodge: Dodged            |    56 |    40 ||    96
